 Dungeon Crawl Stone Soup version 0.31.0-11-ge490571c62 (webtiles) character file.

Game seed: 12386415286057185693

45 qw the Shooter (level 3, -3/20 HPs)
             Began as a Deep Elf Hunter on Feb 4, 2024.
             Slain by Sigmund
             ... wielding a +0 scythe
              (7 damage)
             ... on level 2 of the Dungeon.
             The game lasted 00:00:02 (688 turns).

qw the Shooter (Deep Elf Hunter)                     Turns: 688, Time: 00:00:03

Health: -3/20      AC:  3    Str: 10    XL:     3   Next: 42%
Magic:  5/5        EV: 12    Int: 13    God:
Gold:   34         SH:  0    Dex: 18    Spells: 2/2 levels left

rFire   . . .        a - +0 shortbow
rCold   . . .        (shield currently unavailable)
rNeg    . . .        c - +0 leather armour
rPois   .            (no helmet)
rElec   .            (no cloak)
rCorr   .            (no gloves)
SInv    .            (no boots)
Will    .....        b - amulet of faith
Stlth   ++           (no ring)
HPRegen 0.23/turn    (no ring)
MPRegen 0.09/turn

%: faith
@: no status effects
A: no striking features
a: no special abilities


You were on level 2 of the Dungeon.
You visited 1 branch of the dungeon, and saw 2 of its levels.

You collected 34 gold pieces.


   Skills:
 - Level 1.5 Fighting
 + Level 7.0 Ranged Weapons
 - Level 2.4 Dodging
 - Level 1.2 Stealth


You had 2 spell levels left.
You didn't know any spells.
Your spell library was empty.

Inventory:

Hand Weapons
 a - a +0 shortbow (weapon)
Armour
 c - a +0 leather armour (worn)
Jewellery
 b - an amulet of faith (around neck)
Scrolls
 d - a scroll of identify

Dungeon Overview and Level Annotations

Branches:
Dungeon (2/15)

Altars:

Annotations:
D:2 Sigmund


Message History

The jackal closely misses you.
You shoot an arrow. The arrow hits the jackal!
You kill the jackal!
You shoot an arrow. The arrow hits the jackal.
The jackal is lightly wounded.
A jackal comes into view.
The jackal barely misses you.
You shoot an arrow. The arrow hits the jackal.
You kill the jackal!
The jackal closely misses you.
Your Ranged Weapons skill increases to level 7!
You shoot an arrow. The arrow barely misses the jackal.
The jackal closely misses you.
You shoot an arrow.
The arrow hits the jackal but does no damage.
The jackal barely misses you. The jackal closely misses you.
You shoot an arrow. The arrow hits the jackal!
You kill the jackal!
You see here a jackal corpse.
Found a whip.
Sigmund the Dreaded comes into view.
He is wielding a +0 scythe and wearing a +2 robe of willpower.
You shoot an arrow.
Sigmund shouts!
The arrow hits Sigmund.
Sigmund is lightly wounded.
You shoot an arrow. The arrow hits Sigmund.
Sigmund is lightly wounded.
Sigmund points at you and mumbles some strange words.
The puff of flame hits you!
Ouch! That really hurt!
A kobold comes into view. It is wielding a +0 short sword.
Sigmund hits you from afar with a +0 scythe.
You shoot an arrow. The kobold shouts!
The arrow hits Sigmund!
Sigmund is moderately wounded.
You shoot an arrow. The arrow barely misses Sigmund.
Sigmund hits you from afar with a +0 scythe!
You die...
Sigmund begins carving another notch in his scythe.

#<##.....##.#
#.###
#.##..#.###.#
#...#
#.......<...#
###%#
####.###########
##.## #.#
..###.#.# #.#
#)##.###.# #.#
#.#.## #.. ..#
#..## #... ..
#@#.# .....
...K.@?.?..#
####
7.........#.#
7.##.####.##.#
#. .. ... . .##
### . .# .#


You could see Sigmund and a kobold.

Vanquished Creatures
  A dart slug (D:2)
  5 bats (D:1)
  3 endoplasms (D:1)
  A giant cockroach (D:1)
  5 goblins (D:1)
  3 hobgoblins (D:1)
  6 jackals
  2 kobolds (D:1)
  4 quokkas (D:1)
  2 frilled lizards (D:1)
  3 rats (D:1)
35 creatures vanquished.

Notes
Turn   | Place    | Note
-------+----------+-------------------------------------------
     0 | D:1      | qw the Deep Elf Hunter began the quest for the Orb.
     0 | D:1      | Reached XP level 1. HP: 12/12 MP: 3/3
     0 | D:1      | 0 ||| qw: Version: 0.3-a-160-g6735b56
     0 | D:1      | 0 ||| qw: Game counter: 4715
     0 | D:1      | 0 ||| qw: Melee chars always use a shield: true
     0 | D:1      | 0 ||| qw: God list: Okawaru
     0 | D:1      | 0 ||| qw: Allow faded altars: false
     0 | D:1      | 0 ||| qw: Do Orc after clearing Dungeon:15 true
     0 | D:1      | 0 ||| qw: Do second Lair branch before Depths: true
     0 | D:1      | 0 ||| qw: Lair rune preference: random
     0 | D:1      | 0 ||| qw: Goals: Normal
     0 | D:1      | 0 ||| PLANNING D:1-11
     1 | D:1      | Noticed an electric eel
    12 | D:1      | 12 ||| DROPPING scroll of butterflies.
   106 | D:1      | Reached XP level 2. HP: 16/16 MP: 4/4
   120 | D:1      | Reached skill level 6 in Ranged Weapons
   280 | D:1      | Reached XP level 3. HP: 17/20 MP: 5/5
   605 | D:1      | 605 ||| UPGRADING to amulet of faith.
   610 | D:1      | 610 ||| READING 2 scrolls labelled SELIFO SYEZUTH.
   672 | D:2      | Reached skill level 7 in Ranged Weapons
   684 | D:2      | Noticed Sigmund
   686 | D:2      | HP: 4/20 [Sigmund/+0 scythe (6)]
   688 | D:2      | Slain by Sigmund

Levels and vault maps discovered:
D:1:      arrival_aquarium_a, layout_rooms, dreamdust_princess_bridge,
          grunt_decor_clamped, st_stairs_8
D:2:      layout_loops_cross, minmay_stone_trees_medium, uniq_sigmund

Skill      XL: |  1  2  3 |
---------------+----------+-----
Ranged Weapons | 6 7 |  7.0
Fighting       | |  1.5
Dodging        | |  2.4
Stealth        | |  1.2

Action                     || total
---------------------------++-------
   Fire: Shortbow          ||   109
    Use: Scroll            ||     1
 Armour: Leather armour    ||    28
  Dodge: Dodged            ||    47

Table legend:
 A = Non-vault XP
 B = Vault XP
 C = Vault XP percentage of total XP
 D = Non-vault monster count
 E = Vault monster count
 F = Vault count percentage of total count
                 A         B        C        D         E       F
            +---------+---------+-------+---------+---------+-------
      Total |      63 |       2 |   3.1 |      34 |       1 |   2.9
            +---------+---------+-------+---------+---------+-------
        D:1 |      53 |       2 |   3.6 |      30 |       1 |   3.2
        D:2 |      10 |       0 |   0.0 |       4 |       0 |   0.0
            +---------+---------+-------+---------+---------+-------
